 Dungeon Crawl Stone Soup version 0.32-a0-42-ga30500b4d3 (webtiles) character file.

Game seed: 10347949054708170984

46 cforsyth the Magician (level 3, 0/30 HPs)
             Began as a Djinni Reaver on Jan 26, 2024.
             Slain by a phantom (4 damage)
             ... on level 3 of the Dungeon.
             The game lasted 00:01:37 (1810 turns).

cforsyth the Magician (Djinni Reaver)               Turns: 1810, Time: 00:01:37

Health: 0/30       AC:  3    Str: 11    XL:     3   Next: 92%
Gold:   80         EV: 11    Int: 16    God:
                   SH:  0    Dex: 11

rFire   + + .        c - +2 whip (drain)
rCold   x . .        (no shield)
rNeg    . . .        b - +0 leather armour
rPois   ∞            (no helmet)
rElec   .            (no cloak)
rCorr   .            (no gloves)
SInv    .            (boots unavailable)
Will    .....        (no amulet)
Stlth   +            (no ring)
HPRegen 0.25/turn    (no ring)
MPRegen 0.00/turn

%: infuse magic (-1 HP)
@: flying
A: sickness immunity, fire resistance 2, cold vulnerability 1, float, innate
caster, HP casting, extra vitality 1
a: no special abilities


You were on level 3 of the Dungeon.
You visited 1 branch of the dungeon, and saw 3 of its levels.

You collected 80 gold pieces.

Inventory:

Hand Weapons
 a - a +0 short sword
 c - a +2 whip of draining (weapon)
Armour
 b - a +0 leather armour (worn)
Jewellery
 j - a ring of positive energy
 o - a ring of protection from cold
Scrolls
 d - 2 scrolls of identify {unknown}
 e - a scroll of vulnerability {unknown}
 g - a scroll of enchant weapon {unknown}
 h - a scroll of blinking {unknown}
 n - a scroll of fog {unknown}
Potions
 f - 2 potions of might {unknown}
 i - a potion of invisibility {unknown}
 k - a potion of attraction {unknown}
 l - 2 potions of degeneration {unknown}
 m - a potion of experience {unknown}


   Skills:
 + Level 3.1 Fighting
 - Level 2.6 Short Blades
 - Level 2.1 Dodging
 + Level 3.4 Spellcasting
 + Level 3.4 Conjurations
 + Level 3.4 Hexes
 + Level 3.4 Summonings
 + Level 3.4 Necromancy
 + Level 3.4 Translocations
 + Level 3.4 Fire Magic
 + Level 3.4 Ice Magic
 + Level 3.4 Air Magic
 + Level 3.4 Earth Magic
 + Level 3.4 Alchemy


You knew the following spells:

 Your Spells              Type           Power      Damage    Failure   Level
a - Kiss of Death         Conj/Necr      52%        2d9       6%          1
b - Momentum Strike       Conj/Tloc      26%        3d8       9%          2
c - Hailstorm             Conj/Ice       13%        3d6       17%         3
d - Necrotise             Necr           52%        1d6       6%          1
Your spell library was empty.

Dungeon Overview and Level Annotations

Branches:
Dungeon (3/15)

Altars:


Innate Abilities, Weirdness & Mutations

You are immune to sickness and miasma.
You are immune to poison.
Your flesh is very heat resistant. (rF++)
You are vulnerable to cold. (rC-)
You float through the air rather than walking.
You learn spells naturally, not from books.
Your magical power is your life essence.
You have superior vitality. (+4 MHP)


Message History

The phantom hits you but does no damage.
You closely miss the phantom.
The phantom is lightly damaged.
The phantom barely misses you.
You hit the phantom.
The phantom is lightly damaged.
The phantom hits you.
You are too injured to fight recklessly!
You are too injured to fight recklessly!
You are too injured to fight recklessly!
You are too injured to fight recklessly!
You are too injured to fight recklessly!
You are too injured to fight recklessly!
You are too injured to fight recklessly!
You are too injured to fight recklessly!
You are too injured to fight recklessly!
You are too injured to fight recklessly!
You are too injured to fight recklessly!
You barely miss the phantom.
The phantom is lightly damaged.
The phantom hits you.
The phantom blinks!
You blink.
You closely miss the phantom.
The phantom is lightly damaged.
The phantom hits you.
You hit the phantom.
The phantom is moderately damaged.
The phantom hits you.
The phantom blinks!
You blink.
The phantom hits you but does no damage.
The phantom closely misses you.
Cast which spell? (? or * to list)
Okay, then.
The phantom attacks as it pursues you! The phantom barely misses you.
There is a stone staircase leading up here.
The phantom hits you.
* * * LOW HITPOINT WARNING * * *
The phantom blinks!
You blink.
You stop ascending the stairs.
The phantom attacks as it pursues you! The phantom hits you.
* * * LOW HITPOINT WARNING * * *
The phantom attacks as it pursues you! The phantom hits you.
You die...

#...........
#...........
#...........
#######+##...........
#....................
#?...................
#.........######.....
#.>..<....######.....
#...@..........'.....
#..W......######.....
#.........# #......
#.........# #......
#.........# #......
#.........# #......
########### #......
#.##### #.#


You could see a phantom.

Vanquished Creatures
  2 dart slugs
  3 ball pythons
  3 bats
  4 endoplasms
  2 giant cockroaches (D:2)
  3 goblins
  7 hobgoblins
  4 kobolds
  3 quokkas
  A frilled lizard (D:3)
  3 rats (D:1)
  2 butterflies (D:1)
37 creatures vanquished.

Notes
Turn   | Place    | Note
-------+----------+-------------------------------------------
     0 | D:1      | cforsyth the Djinni Reaver began the quest for the Orb.
     0 | D:1      | cforsyth set off with the following spells memorised: Kiss
                  | of Death, Momentum Strike, Hailstorm.
     0 | D:1      | Reached XP level 1. HP: 18/18 MP: 0/0
   194 | D:1      | Reached XP level 2. HP: 22/23 MP: 0/0
   537 | D:1      | Reached XP level 3. HP: 29/29 MP: 0/0
   537 | D:1      | Learned a level 1 spell: Necrotise
   841 | D:1      | Found a faded altar of an unknown god.
  1409 | D:2      | You are sucked into a shaft and drop 1 floor!
  1791 | D:3      | Noticed a phantom
  1810 | D:3      | Slain by a phantom

Illustrated notes

Levels and vault maps discovered:
D:1:      lemuel_arrival_rhombus, layout_basic, basic_ecumenical_altar,
          hangedman_glass_garden
D:2:      layout_loops_cross, basic_altar
D:3:      layout_basic, gammafunk_ghost_grave

Skill      XL: |  1  2  3 |
---------------+----------+-----
Spellcasting   | 3 |  3.4
Conjurations   | 3 |  3.4
Hexes          | 3 |  3.4
Summonings     | 3 |  3.4
Necromancy     | 3 |  3.4
Translocations | 3 |  3.4
Fire Magic     | 3 |  3.4
Ice Magic      | 3 |  3.4
Air Magic      | 3 |  3.4
Earth Magic    | 3 |  3.4
Alchemy        | 3 |  3.4
Fighting       | 3 |  3.1
Short Blades   | |  2.6
Dodging        | |  2.1

Action                     || total
---------------------------++-------
  Melee: Short sword       ||    10
         Whip              ||    97
         Punch             ||     1
 Armour: Leather armour    ||    74
  Dodge: Dodged            ||    57

Table legend: (Time is in decaauts)
 A = Elapsed time spent in this place.
 B = Non-inter-level travel time spent in this place.
 C = Inter-level travel time spent in this place.
 D = Time resting spent in this place.
 E = Time spent auto-exploring this place.
 F = Levels seen in this place.
 G = Mean time per level.
                   A        B        C        D        E       F      G
               +--------+--------+--------+--------+--------+-----+--------+
         Total |   1817 |   1798 |     19 |      0 |   1552 |   3 |  605.7 |
       Dungeon |   1817 |   1798 |     19 |      0 |   1552 |   3 |  605.7 |
               +--------+--------+--------+--------+--------+-----+--------+

Top non-repeatable levels by time:
     D:1: 1069 daAuts
     D:3: 403 daAuts
     D:2: 344 daAuts
